 Dungeon Crawl Stone Soup version 0.23.0-3-gf3c87f2 (webtiles) character file.

Game seed: 6682117113514282295

49 Scud the Caller (level 4, -1/24 HPs)
             Began as a Kobold Summoner on Feb 22, 2019.
             Slain by a gnoll
             ... wielding a +0 club
              (6 damage)
             ... on level 2 of the Dungeon.
             The game lasted 00:06:13 (1587 turns).

Scud the Caller (Kobold Summoner)                   Turns: 1587, Time: 00:06:14

Health: -1/24      AC:  2    Str:  5    XL:     4   Next: 2%
Magic:  0/8        EV: 15    Int: 17    God:
Gold:   82         SH:  0    Dex: 15    Spells: 5/9 levels left

rFire    . . .     SeeInvis .   g - +0 whip (venom)
rCold    . . .     Gourm    .   (shield restricted)
rNeg     . . .     Faith    .   a - +0 robe
rPois    .         Spirit   .   (no helmet)
rElec    .         Reflect  .   (no cloak)
rCorr    .         Harm     .   (no gloves)
MR       .....                  (no boots)
Stlth    ++........             (no amulet)
HPRegen  0.08/turn              (no ring)
MPRegen  0.11/turn              (no ring)

@: very slightly contaminated
A: small, carnivore
a: no special abilities


You were on level 2 of the Dungeon.
You were not hungry.

You visited 1 branch of the dungeon, and saw 2 of its levels.

You collected 82 gold pieces.

Inventory:

Hand Weapons
 g - a +0 whip of venom (weapon)
Armour
 a - a +0 robe (worn)
Wands
 j - a wand of random effects (20)
Scrolls
 b - a scroll of identify
 e - a scroll of magic mapping
 f - a scroll of teleportation
 h - 2 scrolls of remove curse {unknown}
Potions
 d - a potion of flight {unknown}
 i - a potion of berserk rage {unknown}
Comestibles
 c - 2 rations


   Skills:
 + Level 2.4 Dodging
 - Level 2.6 Stealth
 + Level 3.1 Spellcasting
 * Level 4.8 Summonings


You had 5 spell levels left.
You knew the following spells:

 Your Spells              Type           Power        Failure   Level  Hunger
a - Summon Small Mammal   Summ           ###.         2%          1    None
b - Call Canine Familiar  Summ           ###.....     7%          3    ###....

Your spell library contained the following spells:

 Spells                   Type           Power        Failure   Level  Hunger
 Call Imp                 Summ           ###.....     3%          2    ##.....
 Summon Guardian Golem    Hex/Summ       ##......     19%         3    ###....
 Summon Ice Beast         Ice/Summ       ##......     54%         4    ####...
 Summon Lightning Spire   Summ/Air       ##......     54%         4    ####...


Dungeon Overview and Level Annotations

Branches:
Dungeon (2/15)

Altars:
Nemelex Xobeh
Uskayaw


Innate Abilities, Weirdness & Mutations

You are small and have problems with some larger weapons.
You are carnivorous and can eat meat at any time.


Message History

Your quokka disappears in a puff of smoke!
Your rat bites the gnoll.
A kobold comes into view.
Casting: Summon Small Mammal (safe; 2% risk of failure)
Confirm with . or Enter, or press ? or * to list all spells.
You miscast Summon Small Mammal.
You are very lightly contaminated with residual magic.
Nothing appears to happen.
The gnoll closely misses you.
Casting: Summon Small Mammal (safe; 2% risk of failure)
Confirm with . or Enter, or press ? or * to list all spells.
Your rat bites the gnoll.
The gnoll hits your rat with a +0 club!
Your rat dies!
Your rat's corpse disappears in a puff of smoke!
Your quokka barely misses the gnoll.
The gnoll closely misses your quokka.
Your quokka closely misses the gnoll.
You see here a +0 short sword.
Your quokka misses the gnoll. The gnoll hits you with a +0 club.
You die...

#(# #)##.#......... #)#
#.##)#.......<. ###
#.###.#.....K...... #.#
#.#...#..#..K...... #.##
##................._
####..#
##...#.........##...
#.....####....#.#..(....#
#.#
#......##.............#.#
..
#...#.......#@....)...#.#
#...##.....)g..##..####.#
#..........>r.##..##
#...##....#....#..####
#...###..............#
#...# #...#...#..#...#
#...###...#........#....
#.###...#.#....#.#..##..
#.##....#............. .


You could see a gnoll and a friendly quokka.

Vanquished Creatures
  An adder (D:2)
  An ooze (D:1)
  A dart slug (D:1)
  2 giant cockroaches
  2 goblins (D:2)
  A hobgoblin (D:2)
8 creatures vanquished.

Vanquished Creatures (collateral kills)
  3 gnolls (D:2)
  2 oozes
  2 dart slugs (D:1)
  A goblin (D:1)
  4 hobgoblins (D:1)
  A frilled lizard (D:2)
  2 kobolds
  A rat (D:1)
16 creatures vanquished.

Grand Total: 24 creatures vanquished

Notes
Turn   | Place    | Note
-------+----------+-------------------------------------------
     0 | D:1      | Scud the Kobold Summoner began the quest for the Orb.
     0 | D:1      | Reached XP level 1. HP: 10/10 MP: 3/3
   480 | D:1      | Reached XP level 2. HP: 9/15 MP: 1/5
  1152 | D:1      | You fall through a shaft!
  1165 | D:2      | Reached XP level 3. HP: 19/19 MP: 1/7
  1171 | D:2      | Learned a level 3 spell: Call Canine Familiar
  1517 | D:2      | Found a sparkling altar of Nemelex Xobeh.
  1517 | D:2      | Found a hide-covered altar of Uskayaw.
  1565 | D:2      | Reached XP level 4. HP: 10/24 MP: 1/8
  1587 | D:2      | Slain by a gnoll

Skill      XL: |  1  2  3 |
---------------+----------+-----
Spellcasting   | 3 |  3.1
Dodging        | |  2.4
Stealth        | |  2.6
Summonings     | |  4.8

Action                   |  1- 3 |  4- 6 || total
-------------------------+-------+-------++-------
Melee: Dagger            |     9 |       ||     9
       Unarmed           |     1 |       ||     1
       Whip              |    26 |     1 ||    27
 Cast: Summon Small Mamm |    36 |     2 ||    38
       Call Canine Famil |     4 |       ||     4
  Use: Scroll            |     2 |       ||     2
 Stab: Sleeping          |     1 |       ||     1
  Eat: Chunk             |     6 |       ||     6
Armor: Robe              |     8 |       ||     8
Dodge: Dodged            |    27 |     1 ||    28
